 Dungeon Crawl Stone Soup version 0.20.1-1-g8b1a95d66d (webtiles) character file.

4469 Ivernyr the Thrower (level 10, 7/107 HPs)
             Began as an Ogre Hunter on Nov 20, 2017.
             Quit the game on level 9 of the Dungeon on Nov 21, 2017.
             The game lasted 00:50:03 (13238 turns).

Ivernyr the Thrower (Ogre Hunter)                  Turns: 13238, Time: 00:50:03

Health: 7/107      AC:  8    Str: 16    XL:     10   Next: 37%
Magic:  10/10      EV: 11    Int: 15    God:
Gold:   529        SH:  0    Dex:  9    Spells: 9/9 levels left

rFire    . . .     SeeInvis +   a - +1 mace (protect)
rCold    . . .     Gourm    .   (no shield)
rNeg     . . .     Faith    .   b - +0 robe
rPois    .         Spirit   .   l - +2 hat
rElec    .         Reflect  .   o - +0 cloak
rCorr    .         Harm     .   (gloves unavailable)
MR       +....                  (boots unavailable)
Stlth    +.........             (no amulet)
Regen    0.3/turn               v - +2 ring of evasion
MPRegen  0.2/turn               d - ring of see invisible

@: extremely drained
A: unfitting armour, iridescent scales 1, blurry vision 1, deterioration 1,
tough skin 1, weak 1
a: no special abilities


You were on level 9 of the Dungeon.
You were very hungry.

You visited 2 branches of the dungeon, and saw 11 of its levels.

You collected 529 gold pieces.

Inventory:

Hand Weapons
 a - a +1 mace of protection (weapon)
 w - a +2 mace of crushing
 y - a +0 giant spiked club
Armour
 b - a +0 robe (worn)
 l - a +2 hat (worn)
 o - a +0 cloak (worn)
 D - a +0 large shield of positive energy
Jewellery
 d - a ring of see invisible (right hand)
 v - a +2 ring of evasion (left hand)
 H - an uncursed ring of flight
Wands
 m - a wand of flame (0/48)
 n - a wand of iceblast (10/15)
 q - a wand of lightning (7/15)
 r - a wand of clouds (6/9)
 x - a wand of paralysis (17/24)
 F - a wand of random effects (31/48)
 I - a wand of random effects (29/48)
Scrolls
 i - a scroll of teleportation
 k - 3 scrolls of remove curse
 p - 2 scrolls of magic mapping
 t - 4 scrolls of recharging
 A - a scroll of enchant weapon
 B - 2 scrolls of immolation
 E - a scroll of noise {unknown}
 G - a scroll of fog {unknown}
Potions
 e - a potion of agility
 g - 4 potions of curing
 h - a potion of berserk rage
 s - 5 potions of brilliance
 u - 4 potions of flight
 z - a potion of resistance
 C - a potion of heal wounds
 J - a potion of invisibility
Books
 M - a Young Poisoner's Handbook

   Spells                             Type                      Level
   a - Sting                          Conjuration/Poison           1
   b - Poisonous Vapours              Poison/Air                   2
   c - Mephitic Cloud                 Conjuration/Poison/Air       3
   d - Olgreb's Toxic Radiance        Poison                       4
   e - Venom Bolt                     Conjuration/Poison           5
Comestibles
 f - 8 bread rations
 j - 2 meat rations
 N - 3 fruits


   Skills:
 + Level 9.1(0.0) Fighting
 * Level 8.5(0.0) Maces & Flails
 * Level 10.2(0.0) Throwing
 - Level 2.0(0.0) Dodging
 - Level 0.6(0.0) Stealth


You had 9 spell levels left.
You didn't know any spells.

Dungeon Overview and Level Annotations

Branches:
Dungeon (10/15)            Temple (1/1) D:7
   Lair: D:8-11         Orc: D:9-12

Altars:
Ashenzari
Cheibriados
Dithmenos
Elyvilon
Fedhas
Gozag
Hepliaklqana
Kikubaaqudgha
Makhleb
Nemelex Xobeh
Okawaru
Qazlal
Ru
Sif Muna
Trog
Uskayaw
Vehumet
Xom
Yredelemnul
Zin
The Shining One

Shops:
D:7 %

Annotations:
D:9 Sonja


Innate Abilities, Weirdness & Mutations

You are too large for most types of armour.
You have tough skin. (AC +1)
You are partially covered in iridescent scales. (AC +2)
Scrolls take you a little longer to read.
Your body sometimes deteriorates upon taking damage.
You are weak. (Str -2)


Message History

Unknown command.
Unknown command.
Sonja hits you with an uncursed short sword of draining.
* * * LOW HITPOINT WARNING * * *
You feel drained. Sonja misses you. Sonja closely misses you.
Sonja barely misses you. Sonja closely misses you.
Sonja hits you but does no damage.
You feel drained.
Unknown command.
Sonja hits you with an uncursed short sword of draining!
* * * LOW HITPOINT WARNING * * *
You feel drained.
* * * LOW HITPOINT WARNING * * *
Sonja hits you but does no damage.
You feel drained. Sonja hits you but does no damage.
You feel drained.
You closely miss Sonja.
Sonja mumbles some strange words.
Sonja blinks!
Sonja gestures wildly while chanting.
Sonja blinks!
Are you sure you want to abandon this character and quit the game? (Confirm with "yes".)

#....#.......#.## #...........#
#....#..........###....#......#
#....#....####...##....#.......
#....#....# #.#............###
#....#....####.##......#.......
#....#....#...........####<###.
###########.##.##..#.## ##.# ##
##.##.##..#.# #..#
#..<.@....#.# #.##
#.>.#..####.# #.# #####
#..##.>####(####.#
#...#####..#......§...#..#####
#(.........#.###...(..#§......
#....###..##.###.........#####
#....##........#...........###
#..............#...(..........
#...####.......#.......###.###


There were no monsters in sight!

Vanquished Creatures
  Pikel (D:7)
  An ugly thing (D:8)
  Grinder (D:3)
  Sigmund (D:5)
  A hungry ghost (D:8)
  A water moccasin (D:6)
  An orc warrior (D:8)
  2 ice beasts
  2 phantoms (D:7)
  2 sky beasts
  4 slaves (D:7)
  An ogre (D:4)
  5 centaurs
  A crocodile (D:7)
  4 bullfrogs
  A scorpion (D:7)
  6 killer bees (D:7)
  2 howler monkeys
  4 crimson imps
  A centaur zombie (D:9)
  2 jellies (D:7)
  Crazy Yiuf (D:2)
  A bullfrog zombie (D:5)
  An orc priest (D:6)
  A hound (D:9)
  4 orc wizards (D:8)
  Ijyb (D:3)
  Jessica (D:2)
  4 iguanas
  Natasha (thrice) (D:2)
  10 worker ants
  2 hound skeletons
  3 gnolls (D:7)
  13 adders
  An ooze (D:7)
  2 adder skeletons
  2 adder zombies (D:7)
  A worm (D:4)
  2 dart slugs
  6 leopard geckos
  12 orcs
  A ball python (D:5)
  5 giant cockroaches
  7 hobgoblins
  5 bats
  8 frilled lizards
  4 goblins
  6 kobolds
  A quokka skeleton (D:5)
  2 rats (D:2)
154 creatures vanquished.

Notes
Turn   | Place    | Note
-------+----------+-------------------------------------------
     0 | D:1      | Ivernyr the Ogre Hunter began the quest for the Orb.
     0 | D:1      | Reached XP level 1. HP: 22/22 MP: 1/1
   369 | D:1      | Reached XP level 2. HP: 25/29 MP: 2/2
  1086 | D:2      | Found a sacrificial altar of Ru.
  1086 | D:2      | Found a burning altar of Makhleb.
  1087 | D:2      | Found a radiant altar of Vehumet.
  1088 | D:2      | Found a stormy altar of Qazlal.
  1088 | D:2      | Found a shattered altar of Ashenzari.
  1088 | D:2      | Found a snail-covered altar of Cheibriados.
  1089 | D:2      | Found a hide-covered altar of Uskayaw.
  1273 | D:2      | Reached XP level 3. HP: 37/37 MP: 3/3
  1350 | D:2      | Reached skill level 1 in Maces & Flails
  1486 | D:2      | Noticed Jessica
  1487 | D:2      | Killed Jessica
  1548 | D:2      | Reached XP level 4. HP: 36/45 MP: 4/4
  1730 | D:2      | Found a runed door.
  1734 | D:2      | Noticed Crazy Yiuf
  1737 | D:2      | Killed Crazy Yiuf
  1914 | D:2      | Noticed Natasha
  1919 | D:2      | Killed Natasha
  1919 | D:2      | Reached skill level 5 in Throwing
  1919 | D:2      | Reached XP level 5. HP: 54/54 MP: 5/5
  1998 | D:2      | Noticed Natasha
  2000 | D:2      | Killed Natasha
  2002 | D:2      | Noticed Natasha
  2009 | D:2      | Killed Natasha
  2550 | D:3      | Noticed Ijyb
  2555 | D:3      | Killed Ijyb
  2754 | D:3      | Reached XP level 6. HP: 60/62 MP: 6/6
  3136 | D:3      | Noticed Grinder
  3149 | D:3      | Killed Grinder
  3149 | D:3      | Reached skill level 6 in Throwing
  3149 | D:3      | Reached XP level 7. HP: 49/71 MP: 7/7
  3481 | D:3      | Found a glowing golden altar of the Shining One.
  3483 | D:3      | Found a blossoming altar of Fedhas.
  3796 | D:4      | Reached skill level 5 in Fighting
  4203 | D:5      | Entered Level 5 of the Dungeon
  4908 | D:5      | Reached XP level 8. HP: 83/83 MP: 8/8
  5028 | D:5      | Reached skill level 7 in Throwing
  5581 | D:5      | Reached skill level 5 in Maces & Flails
  5686 | D:5      | Noticed Sigmund
  5691 | D:5      | Killed Sigmund
  6059 | D:6      | Found a snail-covered altar of Cheibriados.
  6199 | D:6      | Found a hazy altar of Hepliaklqana.
  6585 | D:6      | HP: 2/84 [iguana (15)]
  6586 | D:6      | Reached skill level 8 in Throwing
  7097 | D:6      | Reached XP level 9. HP: 74/93 MP: 9/9
  7248 | D:7      | Noticed Pikel
  8034 | D:7      | Killed Pikel
  8034 | D:7      | Reached skill level 9 in Throwing
  8638 | D:7      | Gained mutation: You are partially covered in iridescent scales. (AC +2) [mutagenic meat]
  8640 | D:7      | Gained mutation: You are weak. (Str -2) [mutagenic meat]
  8641 | D:7      | Gained mutation: Your body sometimes deteriorates upon taking damage. [mutagenic meat]
  8643 | D:7      | Gained mutation: Scrolls take you a little longer to read. [mutagenic meat]
  8831 | D:7      | Found Mihuv's Food Shoppe.
  8832 | D:7      | Found a bloodstained altar of Trog.
  9139 | D:7      | Found a staircase to the Ecumenical Temple.
  9148 | Temple   | Entered the Ecumenical Temple
  9643 | D:8      | Noticed a white ugly thing
 10021 | D:8      | Reached XP level 10. HP: 36/106 MP: 10/10
 10952 | D:8      | Killed a white ugly thing
 10952 | D:8      | Reached skill level 10 in Throwing
 11900 | D:9      | Got a slimy shield
 11906 | D:9      | Identified the +0 shield of the Lotus Blossom {*Drain +Inv Regen+} (You found it on level 9 of the Dungeon)
 12301 | D:10     | Entered Level 10 of the Dungeon
 12301 | D:10     | Noticed Sonja
 12305 | D:10     | Paralysed by Sonja for 2 turns
 12860 | D:10     | Paralysed by Sonja for 3 turns
 13231 | D:9      | HP: 5/107 [Sonja/uncursed short sword of draining (2)]
 13238 | D:9      | Quit the game

Skill      XL: |  1  2  3  4  5  6  7  8  9 10 |
---------------+-------------------------------+-----
Dodging        | 2 |  2.0
Fighting       | 3 4 5 7 8 9 |  9.1
Maces & Flails | 1 2 3 4 6 7 8 |  8.5
Throwing       | 5 6 8 9 10 | 10.2
Stealth        | |  0.6

Action                   |  1- 3 |  4- 6 |  7- 9 | 10-12 || total
-------------------------+-------+-------+-------+-------++-------
Melee: Short sword       |    48 |       |       |       ||    48
       Club              |    10 |       |       |       ||    10
       Whip              |    20 |    11 |       |       ||    31
       Mace              |       |    77 |   594 |   226 ||   897
Throw: Large rock        |     3 |    18 |    25 |    12 ||    58
       Throwing net      |       |       |     2 |     3 ||     5
  Use: Scroll            |       |       |    10 |     4 ||    14
       Potion            |       |       |     4 |     6 ||    10
 Stab: Sleeping          |     1 |       |     1 |       ||     2
  Eat: Chunk             |     2 |     5 |    22 |     6 ||    35
       Fruit             |       |       |     1 |       ||     1
       Royal jelly       |       |       |     2 |     1 ||     3
       Meat ration       |       |       |       |     2 ||     2
Armor: Robe              |    34 |    32 |   265 |   157 ||   488
Dodge: Dodged            |    41 |    58 |   377 |   199 ||   675
